 Dungeon Crawl Stone Soup version 0.29.1-1-gd02db6906a (webtiles) character file.

Game seed: 2354655716691598562

17028 Earthwalker the Fighter (level 12, -14/112 HPs)
             Began as a Minotaur Fighter on Oct 15, 2022.
             Was a High Priest of Okawaru.
             Demolished by a two-headed ogre
             ... wielding a +1 great mace of protection
              (19 damage)
             ... on level 12 of the Dungeon.
             The game lasted 01:22:16 (14166 turns).

Earthwalker the Fighter (Minotaur Fighter)         Turns: 14166, Time: 01:22:16

Health: -14/112    AC: 19    Str: 25    XL:     12   Next: 15%
Magic:  11/11      EV: 12    Int:  5    God:    Okawaru [*****.]
Gold:   1027       SH: 11    Dex: 11    Spells: 11/11 levels left

rFire   . . .      SeeInvis +   g - +2 hand axe (flame)
rCold   . . .      Faith    .   L - +0 kite shield
rNeg    . . .      Spirit   .   A - +1 plate armour
rPois   .          Reflect  .   (helmet restricted)
rElec   .          Harm     .   (no cloak)
rCorr   .          Rampage  .   T - +1 pair of gloves
Will    .....                   H - +0 pair of boots {Fly}
Stlth   ..........              s - amulet of regeneration
HPRegen 1.08/turn               e - +4 ring of evasion
MPRegen 0.12/turn               p - ring of Prescription {Wiz SInv}

@: flying, slowed, very slow
A: horns 2, retaliatory headbutt
a: Renounce Religion, Heroism, Finesse, Duel


You were on level 12 of the Dungeon.
You worshipped Okawaru.
Okawaru was extremely pleased with you.
You visited 2 branches of the dungeon, and saw 13 of its levels.
You also visited: Bailey.

You collected 1027 gold pieces.

Inventory:

Hand Weapons
 g - a +2 hand axe of flaming (weapon)
 J - a +2 hand axe
 Z - the +2 morningstar of Vejalux {spect, Str+3 Dex+4}
   (Okawaru gifted it to you on level 11 of the Dungeon)

   When its wielder attacks, the weapon's spirit leaps out and strikes again.
   The spirit shares a part of any damage it takes with its wielder.
   Str:       It affects your strength (+3).
   Dex:       It affects your dexterity (+4).
Missiles
 j - 34 poisoned darts
 l - a throwing net
 v - 37 boomerangs (quivered)
 W - 6 javelins
 X - a curare-tipped dart
Armour
 b - a +0 scale mail
 c - a +0 buckler
 A - a +1 plate armour (worn)
 E - a +2 scale mail of fire resistance
 H - a +0 pair of boots of flying (worn)
 L - a +0 kite shield (worn)
 T - a +1 pair of gloves (worn)
Jewellery
 e - a +4 ring of evasion (left hand)
 f - a ring of willpower
 o - a ring of resist corrosion
 p - the ring of Prescription (right hand) {Wiz SInv}
   (You found it on level 2 of the Dungeon)

   [ring of wizardry]

   It improves your spell success rate.
   SInv:      It lets you see invisible.
 s - an amulet of regeneration (around neck)
 x - an amulet of the acrobat
 y - a +6 ring of intelligence
 K - a ring of wizardry
 U - an amulet of the acrobat
Wands
 a - a wand of digging (4)
 r - a wand of flame (42)
 w - a wand of iceblast (14)
Scrolls
 u - 4 scrolls of vulnerability
 z - a scroll of immolation
 M - 2 scrolls of noise
 N - 3 scrolls of enchant armour
 O - 2 scrolls of identify
 P - 2 scrolls of teleportation
 Q - 2 scrolls of enchant weapon
 R - a scroll of magic mapping {unknown}
 V - 2 scrolls of amnesia {unknown}
Potions
 d - a potion of might
 i - 2 potions of haste
 k - 2 potions of magic
 m - 3 potions of mutation
 t - 2 potions of lignification
 B - a potion of ambrosia
 D - a potion of berserk rage
 F - 2 potions of cancellation
 G - 3 potions of flight
 I - a potion of attraction {unknown}
 Y - a potion of resistance
Miscellaneous
 C - a phial of floods


   Skills:
 * Level 12.0 Fighting
 * Level 11.7 Axes
 + Level 4.1 Throwing
 + Level 10.8 Armour
 * Level 6.7 Dodging
 + Level 3.8 Stealth
 + Level 10.9 Shields


You had 11 spell levels left.
You didn't know any spells.
Your spell library contained the following spells:

 Spells                   Type           Power      Damage    Failure   Level
 Ensorcelled Hibernation  Hex/Ice        0%         N/A       99%         2
 Passwall                 Tmut/Erth      0%         N/A       99%         2
 Scorch                   Fire           0%         2d5       99%         2
 Inner Flame              Hex/Fire       0%         N/A       100%        3
 Portal Projectile        Hex/Tloc       0%         N/A       100%        3
 Swiftness                Air            0%         N/A       100%        3
 Cause Fear               Hex            0%         N/A       100%        4
 Flame Wave               Conj/Fire      0%         2d4       100%        4
 Leda's Liquefaction      Hex/Erth       0%         N/A       100%        4
 Discord                  Hex            0%         N/A       100%        8
 Call Canine Familiar     Summ           Unusable   N/A       N/A         3
 Summon Cactus Giant      Summ           Unusable   N/A       N/A         6

Dungeon Overview and Level Annotations

Branches:
Dungeon (12/15)            Temple (1/1) D:6            Lair (0/5) D:9
    Orc (0/2) D:10         Bailey (visited)

Altars:
Ashenzari
Cheibriados
Dithmenos
Elyvilon
Fedhas
Gozag
Hepliaklqana
Kikubaaqudgha
Makhleb
Nemelex Xobeh
Okawaru
Qazlal
Ru
Sif Muna
Trog
Uskayaw
Vehumet
Wu Jian
Xom
Yredelemnul
Zin
The Shining One

Shops:
D:9 :[=!!

Portals:
Abyss: D:10

Annotations:
D:8 1 runed translucent door, OwlCat's ghost, novice DrBe
D:10 2 transporters, OwlCat's ghost, novice MiFi
D:12 Sonja


Innate Abilities, Weirdness & Mutations

You have a pair of horns on your head.
You reflexively headbutt those who attack you in melee.


Message History

You feel yourself speed up.
Sonja casts a spell.
Sonja blinks!
The two-headed ogre hits you with a +1 great mace of protection!
* * * LOW HITPOINT WARNING * * *
The two-headed ogre hits you but does no damage.
Blink to where?
Press: ? - help, Dir - move target
As you read the scroll of blinking, it crumbles to dust.
Sonja throws a curare-tipped dart.
You block the curare-tipped dart.
Sonja throws a curare-tipped dart.
The curare-tipped dart hits you.
You are poisoned.
You have difficulty breathing.
* * * LOW HITPOINT WARNING * * *
You feel yourself slow down.
Okay, then.
You feel better.
Sonja mumbles some strange words.
Sonja blinks!
Sonja throws a curare-tipped dart.
You block the curare-tipped dart.
You start resting.
A two-headed ogre is nearby!
You hit the two-headed ogre. You burn the two-headed ogre.
The two-headed ogre is severely wounded.
The two-headed ogre hits you with a +1 great mace of protection!
* * * LOW HITPOINT WARNING * * *
The two-headed ogre barely misses you.
You completely miss the two-headed ogre.
The two-headed ogre is severely wounded.
The two-headed ogre hits you with a +1 great mace of protection!!
* * * LOW HITPOINT WARNING * * *
The two-headed ogre barely misses you.
Okay, then.
Okay, then.
As you read the scroll labelled DAMEXYGUUNU, it crumbles to dust.
Your body is wracked with pain!
* * * LOW HITPOINT WARNING * * *
The two-headed ogre convulses!
Sonja convulses!
It was a scroll of torment.
The two-headed ogre hits you with a +1 great mace of protection!!
You die...

............##.#
.......<....####
............# ...........##
..........##
.........#################
................K...ยง..K.#
.......#########O#####.#.#
.......# #@#####...#
.......# #.......###
....#### #######.#.# #...
#..#.# #### ##....# #.....#
#.##O#..# #.......#
#.$.......##


You could see a two-headed ogre and Sonja.

Vanquished Creatures
  Kirke (D:11)
  2 hydras
  4 two-headed ogres
  Urug (D:10)
  Lodul (D:12)
  An orc knight (Bailey)
  2 cyclopes (D:12)
  A kobold demonologist (D:11)
  A komodo dragon (D:9)
  Psyche (D:12)
  2 unseen horrors
  2 polar bears (D:11)
  2 trolls
  A shadow (D:11)
  Sigmund (D:3)
  A wraith (D:10)
  A wyvern (D:9)
  4 hogs
  A basilisk (D:12)
  A human (D:12)
  Menkaure (D:6)
  An acid dragon (D:12)
  13 orc warriors
  An ice beast (D:7)
  A black bear (D:7)
  A sky beast (D:6)
  13 ogres
  5 centaurs
  2 phantoms
  Blork the orc (D:6)
  5 kobold brigands
  3 gnoll sergeants (D:9)
  3 bullfrogs
  A necrophage (D:4)
  4 scorpions
  13 wights
  A jelly (D:6)
  4 killer bees (D:8)
  A howler monkey (D:7)
  7 electric eels (D:7)
  A bullfrog zombie (D:6)
  A centaur zombie (D:6)
  3 hounds (D:7)
  3 iguanas
  6 orc priests
  Natasha (thrice) (D:2)
  16 orc wizards
  9 gnolls
  3 adders
  5 white imps
  2 ufetubi
  3 dart slugs
  A worm (D:2)
  43 orcs
  4 endoplasms
  4 giant cockroaches
  20 goblins
  10 hobgoblins
  28 kobolds
  7 quokkas
  6 ball pythons
  5 bats
  2 frilled lizards
  2 rats (D:3)
  3 bushes (D:11)
302 creatures vanquished.

Vanquished Creatures (others)
  75 plants
75 creatures vanquished.

Grand Total: 377 creatures vanquished

Notes
Turn   | Place    | Note
-------+----------+-------------------------------------------
     0 | D:1      | Earthwalker the Minotaur Fighter began the quest for the
                  | Orb.
     0 | D:1      | Reached XP level 1. HP: 19/19 MP: 0/0
   175 | D:1      | Reached XP level 2. HP: 27/27 MP: 1/1
   212 | D:1      | Found a faded altar of an unknown god.
   700 | D:1      | Reached skill level 4 in Fighting
   903 | D:1      | Reached XP level 3. HP: 27/29 MP: 2/2
  1220 | D:2      | Noticed Natasha
  1225 | D:2      | Killed Natasha
  1479 | D:2      | Reached XP level 4. HP: 40/41 MP: 3/3
  1522 | D:2      | Noticed Natasha
  1532 | D:2      | Killed Natasha
  1591 | D:2      | Noticed Natasha
  1843 | D:2      | Killed Natasha
  2069 | D:2      | Identified the ring of Prescription {Wiz SInv}
  2445 | D:3      | Reached XP level 5. HP: 46/47 MP: 4/4
  2467 | D:3      | Noticed Sigmund
  2471 | D:3      | Killed Sigmund
  2472 | D:3      | Reached skill level 5 in Fighting
  2472 | D:3      | Reached skill level 5 in Armour
  2472 | D:3      | Reached skill level 5 in Shields
  2472 | D:3      | Reached XP level 6. HP: 46/56 MP: 5/5
  3214 | D:4      | Identified the +9 dagger "Conservator" {freeze, rC+}
  3616 | D:5      | Entered Level 5 of the Dungeon
  3827 | D:5      | Reached XP level 7. HP: 56/62 MP: 6/6
  3829 | D:5      | Reached skill level 5 in Axes
  4022 | D:5      | Noticed an unseen horror
  4039 | D:5      | Killed an unseen horror
  4040 | D:5      | Reached skill level 6 in Fighting
  4142 | D:6      | Reached XP level 8. HP: 71/71 MP: 7/7
  4559 | D:6      | Reached skill level 7 in Fighting
  4807 | D:6      | Found a basalt altar of Yredelemnul.
  4867 | D:6      | Found a staircase to the Ecumenical Temple.
  4873 | D:6      | Noticed Menkaure
  4880 | D:6      | Killed Menkaure
  4928 | D:6      | Noticed Blork the orc
  4933 | Temple   | Entered the Ecumenical Temple
  5019 | Temple   | Became a worshipper of Warmaster Okawaru
  5245 | D:6      | Killed Blork the orc
  5294 | Temple   | Reached XP level 9. HP: 64/81 MP: 8/8
  5323 | D:6      | Reached skill level 8 in Fighting
  5494 | D:6      | Found a broken altar of Ashenzari.
  5736 | D:7      | Found a flagged portal.
  5773 | Bailey   | Entered a bailey
  5779 | Bailey   | Noticed an orc knight
  5978 | Bailey   | Reached * piety under Okawaru
  7045 | Bailey   | Killed an orc knight
  7045 | Bailey   | Reached ** piety under Okawaru
  7046 | Bailey   | Reached skill level 9 in Fighting
  7381 | D:7      | Reached XP level 10. HP: 91/91 MP: 9/9
  7430 | D:7      | Reached *** piety under Okawaru
  7592 | D:7      | You are sucked into a shaft and drop 3 floors!
  7592 | D:10     | Entered Level 10 of the Dungeon
  7648 | D:9      | Found Zoigae's Jewellery Boutique.
  7683 | D:10     | Found a staircase to the Orcish Mines.
  7756 | D:9      | Reached skill level 1 in Dodging
  7905 | D:9      | Reached skill level 1 in Throwing
  8101 | D:10     | Reached skill level 1 in Stealth
  8367 | D:10     | Reached **** piety under Okawaru
  8406 | D:10     | Found a transporter.
  8436 | D:10     | Noticed a skeletal warrior
  8451 | D:10     | Noticed a toenail golem
  8485 | D:10     | Found a transporter.
  8530 | D:9      | Reached skill level 10 in Fighting
  8642 | D:9      | Found Xetouf's Antique Armour Emporium.
  8846 | D:9      | Found Somuekhirei's Distillery.
  9051 | D:9      | Found a staircase to the Lair.
  9143 | D:9      | Found Utrui's Distillery.
  9636 | D:7      | Reached skill level 10 in Shields
  9673 | D:7      | Reached skill level 10 in Axes
  9997 | D:7      | Found a glowing golden altar of the Shining One.
 10432 | D:8      | Reached skill level 10 in Armour
 10521 | D:8      | Found a runed translucent door.
 10524 | D:8      | Noticed a cyclops
 10525 | D:8      | Noticed OwlCat's ghost (novice DrBe)
 10999 | D:9      | Found Dusatz's Book Emporium.
 11222 | D:9      | Found a glowing silver altar of Zin.
 11394 | D:10     | Noticed a two-headed ogre
 11400 | D:10     | Killed a two-headed ogre
 11401 | D:10     | Reached XP level 11. HP: 79/101 MP: 10/10
 11694 | D:10     | Noticed Urug
 11714 | D:10     | Killed Urug
 11869 | D:10     | Found a one-way gate to the infinite horrors of the Abyss.
 11869 | D:10     | Noticed OwlCat's ghost (novice MiFi)
 11952 | D:11     | Found a bloodstained altar of Trog.
 11996 | D:11     | Reached ***** piety under Okawaru
 12064 | D:11     | Noticed an eight-headed hydra
 12079 | D:11     | Killed a two-headed hydra
 12080 | D:11     | Reached skill level 11 in Fighting
 12224 | D:11     | Reached skill level 5 in Dodging
 12414 | D:11     | Noticed a two-headed ogre
 12425 | D:11     | Killed a two-headed ogre
 12425 | D:11     | Received a gift from Okawaru
 12533 | D:11     | Noticed a two-headed ogre
 12542 | D:11     | Killed a two-headed ogre
 12922 | D:12     | Noticed a two-headed ogre
 12932 | D:12     | Killed a two-headed ogre
 12970 | D:12     | Noticed a six-headed hydra
 12985 | D:12     | Killed a two-headed hydra
 13242 | D:12     | Noticed Psyche
 13253 | D:12     | Killed Psyche
 13490 | D:12     | Noticed Kirke
 13529 | D:12     | Noticed a sphinx
 13534 | D:12     | Paralysed by a sphinx for 2 turns
 13563 | D:12     | Noticed a lindwurm
 13700 | D:12     | Noticed a lindwurm
 13702 | D:12     | Noticed a sphinx
 13714 | D:11     | Killed Kirke
 13714 | D:11     | Identified the +2 morningstar of Vejalux {spect, Str+3
                  | Dex+4} (Okawaru gifted it to you on level 11 of the
                  | Dungeon)
 13714 | D:11     | Received a gift from Okawaru
 13715 | D:11     | Reached XP level 12. HP: 26/112 MP: 11/11
 13884 | D:12     | Noticed Lodul
 13939 | D:12     | Killed Lodul
 13940 | D:12     | Reached skill level 12 in Fighting
 14125 | D:12     | Noticed Sonja
 14138 | D:12     | Noticed a two-headed ogre
 14165 | D:12     | HP: 5/112 [two-headed ogre/+1 great mace of protection
                  | (20)]
 14166 | D:12     | Demolished by a two-headed ogre

Illustrated notes

Levels and vault maps discovered:
D:1:      dpeg_arrival_line_fractal, layout_loops_corners,
          ebering_ecumenical_altar_sacrificial, columned_hall_lemuel,
          minmay_crystal_room
D:2:      layout_loops_ring, uniq_natasha
D:3:      layout_basic, uniq_sigmund
D:4:      layout_basic, hangedman_glass_teeth, skrybe_limestone_x
D:5:      layout_gridville
D:6:      layout_gridville, lemuel_tele_altar, lemuel_zombie_altar_yredelemnul,
          minmay_temple_entry_slanted, uniq_menkaure, uniq_blork_the_orc
D:7:      layout_cave_pods, mainiacjoe_overflow_tiny_flanked, enter_bailey_3,
          serial_bayou, serial_bayou_lake_a, serial_bayou_pond_b,
          serial_bayou_lagoon_a, serial_bayou_ford_a
D:8:      layout_basic, ebering_ghost_inner_flame, amcnicky_mini_pool_small,
          minivault_10
D:9:      layout_irregular_city, zin_treasury, david_lair_shrubbed,
          serial_shops, nicolae_take_the_stairs, nicolae_stop_n_shop_1,
          nicolae_inconvenience_store, shop, nicolae_shop_hallway_plus,
          serial_bayou_crossing
D:10:     layout_loops_cross, kennysheep_orc_monster_closet_entryway,
          gammafunk_ghost_abyssal_escape, uniq_urug
D:11:     layout_roguey, trog_ov_bears_minmay
D:12:     layout_basic, uniq_psyche, uniq_kirke, uniq_lodul, uniq_sonja
Temple:   dpeg_five_rooms_temple

Skill      XL: |  1  2  3  4  5  6  7  8  9 10 11 12 |
---------------+-------------------------------------+-----
Armour         | 4 5 6 7 9 10 | 10.8
Shields        | 4 5 6 8 9 10 | 10.9
Fighting       | 4 5 6 7 9 10 11 12 | 12.0
Axes           | 3 4 6 7 9 10 11 | 11.7
Dodging        | 3 6 |  6.7
Throwing       | 2 3 4 |  4.1
Stealth        | 2 3 |  3.8

Action                   |  1- 3 |  4- 6 |  7- 9 | 10-12 || total
-------------------------+-------+-------+-------+-------++-------
Melee: War axe           |    61 |    94 |    30 |       ||   185
       Headbutt          |     6 |    14 |    53 |   159 ||   232
       Hand axe          |       |       |   282 |   594 ||   876
       Unarmed           |       |       |       |     1 ||     1
Throw: Dart              |       |       |     7 |     6 ||    13
       Boomerang         |       |       |    56 |    23 ||    79
Invok: Heroism           |       |       |       |     2 ||     2
       Finesse           |       |       |       |     1 ||     1
  Use: Scroll            |       |    10 |     6 |     8 ||    24
       Potion            |       |       |       |     6 ||     6
Armor: Scale mail        |    22 |    27 |    17 |       ||    66
       Plate armour      |       |       |    88 |   210 ||   298
Dodge: Dodged            |    28 |    58 |   138 |   233 ||   457
Block: Buckler           |    13 |    27 |    83 |    28 ||   151
       Kite shield       |       |       |       |   203 ||   203
